 Dungeon Crawl Stone Soup version 0.28-a0-1152-g9c71ebef14 (webtiles) character file.

Game seed: 1906356481007020365

1726 ytrimaz the Insei (level 9, -3/53 (58) HPs)
             Began as an Octopode Transmuter on Dec 14, 2021.
             Slain by a wight (12 damage)
             ... on level 7 of the Dungeon.
             The game lasted 00:08:12 (9701 turns).

ytrimaz the Insei (Octopode Transmuter)             Turns: 9701, Time: 00:08:12

HP:   -3/53 (58)    AC:  2    Str:  9    XL:     9   Next: 4%
MP:   12/16         EV: 22    Int: 20    God:
Gold: 336           SH:  0    Dex: 17    Spells: 4/18 levels left

rFire   . . .      SeeInvis .     - Unarmed
rCold   . . .      Faith    .   (shield currently unavailable)
rNeg    . . .      Spirit   .   (helmet currently unavailable)
rPois   x          Reflect  .   (no amulet)
rElec   .          Harm     .   (no ring)
rCorr   .          Rampage  .   (no ring)
Will    .....                   (no ring)
Stlth   ++........              (no ring)
HPRegen 0.17/turn               (no ring)
MPRegen 0.15/turn               (no ring)
                                (no ring)
                                (no ring)

@: mighty, spider-form (expiring), wereblooded, drained
A: venomous fangs, almost no armour, (amphibious), 8 rings, tiny, (camouflage
1), (gelatinous body 1), (nimble swimmer 1), (tentacles)
a: End Transformation


You were on level 7 of the Dungeon.
You were a venomous arachnid creature.
You visited 2 branches of the dungeon, and saw 8 of its levels.

You collected 336 gold pieces.

Inventory:

Jewellery
 n - a ring of flight
Wands
 c - a wand of polymorph (7)
 j - a wand of digging (4)
 k - a wand of flame (3)
 q - a wand of iceblast (8)
Scrolls
 l - a scroll of amnesia
 r - a scroll of identify
Potions
 a - a potion of resistance {unknown}
 b - a potion of attraction {unknown}
 d - a potion of brilliance {unknown}
 e - 4 potions of might
 f - a potion of curing
 g - a potion of mutation {unknown}
 h - 2 potions of magic
 m - a potion of degeneration {unknown}
 o - 4 potions of lignification {unknown}
 p - a potion of flight {unknown}


   Skills:
 * Level 4.0 Fighting
 * Level 4.9 Dodging
 + Level 6.1 Unarmed Combat
 * Level 5.2 Spellcasting
 * Level 5.2 Transmutations
 * Level 3.0 Poison Magic


You had 4 spell levels left.
You knew the following spells:

 Your Spells              Type           Power      Damage    Failure   Level
a - Spider Form           Tmut/Pois      21%        N/A       17%         3
b - Wereblood             Tmut           26%        N/A       8%          2
c - Blade Hands           Tmut           13%        N/A       58%         5
d - Ice Form              Ice/Tmut       15%        N/A       58%         4

Your spell library contained the following spells:

 Spells                   Type           Power      Damage    Failure   Level
 Beastly Appendage        Tmut           52%        N/A       6%          1
 Sting                    Tmut/Pois      84%        1d7       8%          1
 Poisonous Vapours        Pois/Air       22%        N/A       22%         2
 Ignite Poison            Fire/Tmut/Pois 16%        N/A       26%         3
 Animate Skeleton         Necr           10%        N/A       28%         1
 Apportation              Tloc           10%        N/A       28%         1
 Magic Dart               Conj           20%        1d4       28%         1
 Summon Small Mammal      Summ           20%        N/A       28%         1
 Call Imp                 Summ           5%         N/A       36%         2
 Corpse Rot               Necr/Air       10%        N/A       36%         2
 Mephitic Cloud           Conj/Pois/Air  9%         N/A       43%         3
 Olgreb's Toxic Radiance  Pois           17%        N/A       54%         4
 Conjure Flame            Conj/Fire      5%         6-21      56%         3
 Portal Projectile        Hex/Tloc       10%        N/A       56%         3
 Sticky Flame             Conj/Fire      5%         2d3       89%         4
 Excruciating Wounds      Necr           2%         N/A       99%         5


Dungeon Overview and Level Annotations

Branches:
Dungeon (7/15)             Temple (1/1) D:6

Altars:
Cheibriados
Elyvilon
Fedhas
Hepliaklqana
Makhleb
Nemelex Xobeh
Qazlal
Ru
Sif Muna
Vehumet
Wu Jian
Xom
Yredelemnul
Zin
The Shining One

Annotations:
D:4 3 runed translucent doors, meatgazer's ghost, amateur DsAK
D:7 Maggie


Innate Abilities, Weirdness & Mutations

You are a venomous arachnid creature.
You have poisonous fangs.
You are tiny and dextrous.
Your spellcasting is less reliable in this form.
Your armour is entirely melded.
You are incapable of wielding weapons or throwing items.
You cannot wear most types of armour.
((You are amphibious.))
You can wear up to eight rings at the same time.
((Your skin changes colour to match your surroundings (Stealth+).))
((Your rubbery body absorbs attacks. (AC +1, EV +1)))
((You are camouflaged near water. (Stealth+)))
((You have tentacles for arms and can constrict up to eight enemies at once.))


Message History

Confirm with . or Enter, or press ? or * to list all spells.
Your blood is infused with primal strength.
The wight misses you.
You hit the wight but do no damage.
The wight is lightly damaged.
You hit the wight.
The wight is moderately damaged.
The wight hits you with a +0 morningstar!
You feel drained.
You hit the wight but do no damage.
The wight is moderately damaged.
The wight completely misses you.
You hit the wight but do no damage.
The wight is moderately damaged.
The wight barely misses you.
Unknown command.
You feel very mighty all of a sudden. The wight completely misses you.
Unknown command.
You bite the wight!
The wight is severely damaged.
Your transformation is almost over.
The wight hits you with a +0 morningstar!
* * * LOW HITPOINT WARNING * * *
You feel drained.
* * * LOW HITPOINT WARNING * * *
You bite the wight!
You feel a bit better.
You destroy the wight!
You hiss as the wereblood boils in your veins!
Your Poison Magic skill increases to level 3!
Unknown command.
You hit the wight.
The wight is moderately damaged.
You hiss as the wereblood boils in your veins!
The wight barely misses you.
Unknown command.
You bite the wight!
The wight is almost destroyed.
The wight hits you with a +4 hand axe!
You die...

#.........#####.##.#
#.........# #.##.#
#.........# #.##.#
######.#..# #.##.#
#.#..# #.##.# #.#..#
#.##.# #.#..# #.##.#
#.##.#####.##.#
#########.#....zs..##.#
..........#..########.#
############.# #.# #.#
#.# #.# #.# #.# #.#
####.# #.#
#....########.#
#.............#


You could see a wight.

Vanquished Creatures
  A vampire (D:6)
  A sky beast (D:6)
  An ice beast (D:4)
  A black bear (D:5)
  A necrophage (D:4)
  A centaur (D:6)
  3 scorpions
  A wyvern skeleton (D:5)
  A water moccasin skeleton (D:4)
  A killer bee (D:7)
  A wight (D:7)
  A howler monkey (D:6)
  A centaur zombie (D:5)
  4 jellies
  A hound (D:4)
  An orc priest (D:5)
  A centaur skeleton (D:4)
  3 iguanas
  2 bullfrog skeletons (D:5)
  8 orc wizards
  A gnoll (D:2)
  3 adders
  2 shadow imps
  3 ufetubi
  An adder skeleton (D:4)
  3 worms
  2 dart slugs (D:1)
  6 orcs
  6 endoplasms
  4 giant cockroaches
  4 goblins
  5 hobgoblins
  4 jackals (D:1)
  10 kobolds
  3 quokkas (D:1)
  7 ball pythons
  8 bats
  4 frilled lizards
  4 rats
115 creatures vanquished.

Notes
Turn   | Place    | Note
-------+----------+-------------------------------------------
     0 | D:1      | ytrimaz the Octopode Transmuter began the quest for the
                  | Orb.
     0 | D:1      | Reached XP level 1. HP: 13/13 MP: 3/3
    42 | D:1      | Reached XP level 2. HP: 9/18 MP: 5/5
   689 | D:1      | Reached XP level 3. HP: 20/22 MP: 6/6
   692 | D:1      | Learned a level 2 spell: Wereblood
   696 | D:1      | Learned a level 3 spell: Spider Form
  1618 | D:2      | Reached XP level 4. HP: 25/29 MP: 5/7
  2963 | D:3      | Reached XP level 5. HP: 31/34 MP: 7/9
  3116 | D:3      | Found a faded altar of an unknown god.
  3121 | D:3      | Found a hazy altar of Hepliaklqana.
  3413 | D:3      | Found a faded altar of an unknown god.
  3683 | D:4      | Noticed meatgazer's ghost (amateur DsAK)
  3684 | D:4      | Noticed an ice beast
  3715 | D:4      | Found a runed translucent gate.
  3715 | D:4      | Found a runed translucent gate.
  3715 | D:4      | Found a runed translucent gate.
  4238 | D:4      | Reached skill level 4 in Unarmed Combat
  4238 | D:4      | Reached XP level 6. HP: 8/40 MP: 11/11
  4579 | D:4      | Noticed a necrophage
  4580 | D:4      | Killed a necrophage
  4778 | D:4      | Found a snail-covered altar of Cheibriados.
  4943 | D:4      | Noticed an ice beast
  4960 | D:4      | Killed an ice beast
  4961 | D:4      | Reached XP level 7. HP: 30/45 MP: 6/12
  5348 | D:5      | Entered Level 5 of the Dungeon
  5879 | D:5      | Found a white marble altar of Elyvilon.
  5889 | D:5      | Found a glowing silver altar of Zin.
  6034 | D:5      | Reached skill level 5 in Unarmed Combat
  6034 | D:5      | Reached skill level 1 in Poison Magic
  6046 | D:5      | Reached XP level 8. HP: 23/52 MP: 10/14
  7722 | D:6      | Found a staircase to the Ecumenical Temple.
  7722 | D:6      | Noticed a vampire
  7730 | D:6      | Learned a level 4 spell: Ice Form
  7736 | D:6      | Learned a level 5 spell: Blade Hands
  7746 | D:6      | Killed a vampire
  7980 | Temple   | Entered the Ecumenical Temple
  8505 | D:6      | Reached skill level 5 in Spellcasting
  8505 | D:6      | Reached skill level 5 in Transmutations
  9223 | D:7      | Reached skill level 6 in Unarmed Combat
  9299 | D:7      | Noticed Maggie
  9335 | D:7      | Reached XP level 9. HP: 38/58 MP: 1/16
  9701 | D:7      | Slain by a wight

Illustrated notes

Levels and vault maps discovered:
D:1:      nzn_arrival_water_spiral, layout_basic, minmay_3d_cube
D:2:      layout_loops_ring, grunt_decor_resistance,
          minmay_misc_feat_four_crosses, minmay_octomino_j4
D:3:      layout_basic, nicolae_overflow_ecumenical_swirl,
          shapermc_ecumenical_altar_ellora, minmay_bisected
D:4:      layout_cave_pods, slow_altar_1, gammafunk_ghost_icy,
          minmay_increasing_density
D:5:      layout_loops_ring, mainiacjoe_overflow_large_starburst,
          minmay_a_box_with_orc_wizards_in_it
D:6:      layout_basic, minmay_temple_entry_statues_fountains,
          kennysheep_small_spiral
D:7:      layout_basic, serial_shops, nicolae_square_shop, minmay_manual_mess,
          uniq_maggie
Temple:   minmay_temple_curvy_loop

Skill      XL: |  1  2  3  4  5  6  7  8  9 |
---------------+----------------------------+-----
Fighting       | 2 3 4 |  4.0
Spellcasting   | 3 4 5 |  5.2
Transmutations | 3 4 5 |  5.2
Unarmed Combat | 4 5 6 |  6.1
Dodging        | 3 4 |  4.9
Poison Magic   | 1 2 3 |  3.0

Action                   |  1- 3 |  4- 6 |  7- 9 || total
-------------------------+-------+-------+-------++-------
Melee: Unarmed           |    84 |   104 |   169 ||   357
       Constrict         |    20 |    23 |     5 ||    48
       Kick              |    17 |    15 |     2 ||    34
       Tentacles         |    13 |    15 |     8 ||    36
       Punch             |     2 |     4 |     1 ||     7
 Cast: Beastly Appendage |    12 |    20 |     4 ||    36
       Spider Form       |       |     3 |    19 ||    22
       Wereblood         |       |     1 |     2 ||     3
       Ice Form          |       |       |     2 ||     2
       Blade Hands       |       |       |     1 ||     1
  Use: Scroll            |     2 |     6 |     5 ||    13
       Potion            |       |     2 |     3 ||     5
 Stab: Sleeping          |     6 |     2 |     3 ||    11
       Distracted        |       |     1 |       ||     1
Armor: Skin              |    10 |    11 |    16 ||    37
Dodge: Dodged            |    59 |    68 |   119 ||   246

Table legend: (Time is in decaauts)
 A = Elapsed time spent in this place.
 B = Non-inter-level travel time spent in this place.
 C = Inter-level travel time spent in this place.
 D = Time resting spent in this place.
 E = Time spent auto-exploring this place.
 F = Levels seen in this place.
 G = Mean time per level.
                   A        B        C        D        E       F      G
               +--------+--------+--------+--------+--------+-----+--------+
         Total |   9656 |   9394 |    262 |   1161 |   7161 |   8 | 1207.0 |
       Dungeon |   9442 |   9198 |    244 |   1161 |   6981 |   7 | 1348.9 |
        Temple |    213 |    195 |     18 |      0 |    180 |   1 |  213.0 |
               +--------+--------+--------+--------+--------+-----+--------+

Top non-repeatable levels by time:
     D:4: 1811 daAuts
     D:5: 1728 daAuts
     D:6: 1693 daAuts
     D:1: 1497 daAuts
     D:3: 1186 daAuts
     D:2: 854 daAuts
     D:7: 672 daAuts
  Temple: 213 daAuts
